TOP OF THE 1ST |
Los Cabos Cartel batting - Pitching for Niagara Falls Frenzy : RHP Tom Moore
|
Pitching: RHP Tom Moore
|
|
Batting: LHB Luis González
|
0-0: Ball 1-0: SINGLE (Line Drive, 56)
|
Batting: RHB Gerardo Escobedo
|
0-0: Ball 1-0: Ball 2-0: Called Strike Luis González steals 2nd base 2-1: SINGLE (Groundball, 6M) (infield hit) Luis González to third
|
Batting: SHB Julián Madrid
|
0-0: Ball 1-0: Foul Ball, location: 2F 1-1: Ball 2-1: Ball 3-1: Called Strike 3-2: Fly out, F7 (Line Drive, 78S) 3-2: Fly out, F7 (Line Drive, 78S)
|
Batting: LHB José Rivas
|
0-0: SINGLE (Line Drive, 78S) Luis González scores Gerardo Escobedo to second
|
Batting: RHB Stephen Wilson
|
0-0: Called Strike 0-1: Grounds into double play, 5-4-3 (Groundball, 56)
|
Top of the 1st over - 1 run(s), 3 hit(s), 0 error(s), 1 left on base; Los Cabos 1 - Niagara Falls 0 |
BOTTOM OF THE 1ST |
Niagara Falls Frenzy batting - Pitching for Los Cabos Cartel : RHP Ramón López
|
Pitching: RHP Ramón López
|
|
Batting: SHB Martín De Jesús
|
0-0: Called Strike 0-1: Called Strike 0-2: Foul Ball, location: 2F 0-2: Ground out 5-3 (Groundball, 56)
|
Batting: LHB Clyde Yarbrough
|
0-0: Ball 1-0: Ball 2-0: Ball 3-0: Base on Balls
|
Batting: LHB Dante Owens
|
0-0: Foul Ball, location: 2F 0-1: Foul Ball, location: 2F 0-2: Ball 1-2: Foul Ball, location: 2F 1-2: Ground out 1-3 (Groundball, 34S) Clyde Yarbrough to second
|
Batting: RHB Lawrence Schroeder
|
0-0: Ball 1-0: Ball 2-0: DOUBLE (Line Drive, 7LS) Clyde Yarbrough scores
|
Batting: LHB Bill Hall
|
0-0: Ball 1-0: Ball 2-0: Called Strike 2-1: Fly out, F7 (Flyball, 7LM)
|
Bottom of the 1st over - 1 run(s), 1 hit(s), 0 error(s), 1 left on base; Los Cabos 1 - Niagara Falls 1 |
TOP OF THE 2ND |
Los Cabos Cartel batting - Pitching for Niagara Falls Frenzy : RHP Tom Moore
|
Batting: LHB Miguel Rivería
|
0-0: Called Strike 0-1: Ball 1-1: Ball 2-1: Foul Ball, location: 2F 2-2: Ball 3-2: Strikes out looking
|
Batting: RHB Wilbert Rodgers
|
0-0: Ball 1-0: Foul Ball, location: 2F 1-1: Ball 2-1: Foul Ball, location: 2F 2-2: Ball 3-2: Base on Balls
|
Batting: RHB John Pick
|
0-0: Swinging Strike 0-1: Swinging Strike 0-2: Ball 1-2: SINGLE (Flyball, 8RS) Wilbert Rodgers to second
|
Batting: RHB Oliver Hernández
|
0-0: Called Strike 0-1: Called Strike 0-2: Ball 1-2: Strikes out swinging
|
Batting: LHB Luis González
|
0-0: Called Strike 0-1: Ball 1-1: Ball 2-1: Foul Ball, location: 2F 2-2: SINGLE (Groundball, 3D) Wilbert Rodgers to third John Pick to second Runner from 3rd tries for Home, SAFE, throw made home John Pick to third Luis González to second
|
Batting: RHB Gerardo Escobedo
|
0-0: Ball 1-0: Ground out 1-3 (Groundball, 23)
|
Top of the 2nd over - 1 run(s), 2 hit(s), 0 error(s), 2 left on base; Los Cabos 2 - Niagara Falls 1 |
BOTTOM OF THE 2ND |
Niagara Falls Frenzy batting - Pitching for Los Cabos Cartel : RHP Ramón López
|
Batting: RHB Ángel Hinojosa
|
0-0: Called Strike 0-1: Foul Ball, location: 2F 0-2: Strikes out looking
|
Batting: RHB Zander Tremblett
|
0-0: Called Strike 0-1: Ground out 5-3 (Groundball, 56)
|
Batting: RHB Keitaro Suzuki
|
0-0: Fly out, F8 (Flyball, 8RM)
|
Bottom of the 2nd over - 0 run(s), 0 hit(s), 0 error(s), 0 left on base; Los Cabos 2 - Niagara Falls 1 |
TOP OF THE 3RD |
Los Cabos Cartel batting - Pitching for Niagara Falls Frenzy : RHP Tom Moore
|
Batting: SHB Julián Madrid
|
0-0: Ball 1-0: Ball 2-0: Called Strike 2-1: Ball 3-1: Base on Balls
|
Batting: LHB José Rivas
|
0-0: Ball 1-0: Ball 2-0: Ball 3-0: Called Strike 3-1: Foul Ball, location: 2F 3-2: Strikes out swinging
|
Batting: RHB Stephen Wilson
|
0-0: Foul Ball, location: 2F 0-1: Called Strike 0-2: Ball 1-2: Ball 2-2: Ball 3-2: SINGLE (Line Drive, 7LM) Julián Madrid to second
|
Batting: LHB Miguel Rivería
|
0-0: Fielders Choice at 2nd, 3-6 (Groundball, 3) Julián Madrid to third
|
Batting: RHB Wilbert Rodgers
|
0-0: Ball 1-0: DOUBLE (Flyball, 89XD) Julián Madrid scores Miguel Rivería to third
|
Batting: RHB John Pick
|
0-0: Called Strike 0-1: SINGLE (Line Drive, 56D) Miguel Rivería scores Wilbert Rodgers to third Runner from 3rd tries for Home, SAFE, throw made home John Pick to second
|
Batting: RHB Oliver Hernández
|
0-0: Ball 1-0: Ground out 4-3 (Groundball, 13)
|
Top of the 3rd over - 3 run(s), 3 hit(s), 0 error(s), 1 left on base; Los Cabos 5 - Niagara Falls 1 |
BOTTOM OF THE 3RD |
Niagara Falls Frenzy batting - Pitching for Los Cabos Cartel : RHP Ramón López
|
Batting: RHB Santiago Zambrano
|
0-0: Ground out U3 (Groundball, 3S)
|
Batting: SHB Martín De Jesús
|
0-0: Bunt for hit - play at first, batter safe!
|
Batting: LHB Clyde Yarbrough
|
0-0: Ball 1-0: Called Strike 1-1: Ball 2-1: SINGLE (Flyball, 8RS) Martín De Jesús to second Runner from 2nd tries for 3rd, SAFE, throw made to third
|
Batting: LHB Dante Owens
|
0-0: Ball 1-0: Fielders Choice at 2nd, 3-6 (Groundball, 3) Martín De Jesús scores
|
Batting: RHB Lawrence Schroeder
|
0-0: Ball 1-0: Ball 2-0: Called Strike 2-1: Ground out 4-3 (Groundball, 4)
|
Bottom of the 3rd over - 1 run(s), 2 hit(s), 0 error(s), 1 left on base; Los Cabos 5 - Niagara Falls 2 |
TOP OF THE 4TH |
Los Cabos Cartel batting - Pitching for Niagara Falls Frenzy : RHP Tom Moore
|
Batting: LHB Luis González
|
0-0: Ball 1-0: Swinging Strike 1-1: Called Strike 1-2: Ball 2-2: Foul Ball, location: 2F 2-2: Ball 3-2: Ground out 4-3 (Groundball, 4)
|
Batting: RHB Gerardo Escobedo
|
0-0: Called Strike 0-1: Foul Ball, location: 2F 0-2: Ball 1-2: Ball 2-2: Ball 3-2: Strikes out swinging
|
Batting: SHB Julián Madrid
|
0-0: Swinging Strike 0-1: Ball 1-1: Called Strike 1-2: SINGLE (Line Drive, 6M)
|
Batting: LHB José Rivas
|
0-0: Ball 1-0: Foul Ball, location: 2F 1-1: Foul Ball, location: 2F 1-2: Fly out, F7 (Flyball, 7D)
|
Top of the 4th over - 0 run(s), 1 hit(s), 0 error(s), 1 left on base; Los Cabos 5 - Niagara Falls 2 |
BOTTOM OF THE 4TH |
Niagara Falls Frenzy batting - Pitching for Los Cabos Cartel : RHP Ramón López
|
Batting: LHB Bill Hall
|
0-0: Ball 1-0: Foul Ball, location: 2F 1-1: SINGLE (Groundball, 3D)
|
Batting: RHB Ángel Hinojosa
|
0-0: Foul Ball, location: 2F 0-1: Called Strike 0-2: Strikes out swinging
|
Batting: RHB Zander Tremblett
|
0-0: Ball 1-0: Called Strike 1-1: Swinging Strike 1-2: Ball 2-2: Ground out 6-3 (Groundball, 56D) Bill Hall to second
|
Batting: RHB Keitaro Suzuki
|
0-0: Foul Ball, location: 2F 0-1: Ground out 4-3 (Groundball, 13)
|
Bottom of the 4th over - 0 run(s), 1 hit(s), 0 error(s), 1 left on base; Los Cabos 5 - Niagara Falls 2 |
TOP OF THE 5TH |
Los Cabos Cartel batting - Pitching for Niagara Falls Frenzy : RHP Tom Moore
|
Pitching: RHP Ed Jones
|
|
Batting: RHB Stephen Wilson
|
0-0: Ball 1-0: Foul Ball, location: 2F 1-1: Called Strike 1-2: Ball 2-2: Strikes out looking
|
Batting: LHB Miguel Rivería
|
0-0: Ball 1-0: Foul Ball, location: 2F 1-1: Ball 2-1: SINGLE (Groundball, 13) (infield hit)
|
Batting: RHB Wilbert Rodgers
|
0-0: Ball Wild Pitch! Miguel Rivería to second 1-0: Foul Ball, location: 2F 1-1: Ball 2-1: Ground out 6-3 (Groundball, 6)
|
Batting: RHB John Pick
|
0-0: Ground out 5-3 (Groundball, 5S)
|
Top of the 5th over - 0 run(s), 1 hit(s), 0 error(s), 1 left on base; Los Cabos 5 - Niagara Falls 2 |
BOTTOM OF THE 5TH |
Niagara Falls Frenzy batting - Pitching for Los Cabos Cartel : RHP Ramón López
|
Batting: RHB Santiago Zambrano
|
0-0: Ground out 5-3 (Groundball, 5L)
|
Batting: SHB Martín De Jesús
|
0-0: Ball 1-0: Foul Ball, location: 2F 1-1: Ball 2-1: Ball 3-1: SINGLE (Line Drive, 6D)
|
Batting: LHB Clyde Yarbrough
|
0-0: Ball 1-0: Ball 2-0: SINGLE (Groundball, 56) (infield hit) Martín De Jesús to second
|
Batting: LHB Dante Owens
|
0-0: Called Strike 0-1: Ball 1-1: Ball 2-1: Foul Ball, location: 2F 2-2: 3-RUN HOME RUN (Flyball, 9D), Distance : 387 ft
|
Batting: RHB Lawrence Schroeder
|
0-0: Ball 1-0: Ball 2-0: Foul Ball, location: 2F 2-1: Swinging Strike 2-2: Strikes out swinging
|
Batting: LHB Bill Hall
|
0-0: Called Strike 0-1: Foul Ball, location: 2F 0-2: Ball 1-2: Foul Ball, location: 2F 1-2: Ground out U3 (Groundball, 3L)
|
Bottom of the 5th over - 3 run(s), 3 hit(s), 0 error(s), 0 left on base; Los Cabos 5 - Niagara Falls 5 |
TOP OF THE 6TH |
Los Cabos Cartel batting - Pitching for Niagara Falls Frenzy : RHP Ed Jones
|
Batting: RHB Oliver Hernández
|
0-0: Ball 1-0: Ball 2-0: Called Strike 2-1: Foul Ball, location: 2F 2-2: Foul Ball, location: 2F 2-2: Foul Ball, location: 2F 2-2: Strikes out looking
|
Batting: LHB Luis González
|
0-0: Ball 1-0: Foul Ball, location: 2F 1-1: Foul Ball, location: 2F 1-2: Ground out 4-3 (Groundball, 4)
|
Batting: RHB Gerardo Escobedo
|
0-0: Ball 1-0: Fly out, F9 (Flyball, 89M)
|
Top of the 6th over - 0 run(s), 0 hit(s), 0 error(s), 0 left on base; Los Cabos 5 - Niagara Falls 5 |
BOTTOM OF THE 6TH |
Niagara Falls Frenzy batting - Pitching for Los Cabos Cartel : RHP Ramón López
|
Batting: RHB Ángel Hinojosa
|
0-0: Called Strike 0-1: Called Strike 0-2: Ball 1-2: Ball 2-2: SINGLE (Groundball, 5D)
|
Batting: RHB Zander Tremblett
|
0-0: Ball 1-0: Ball 2-0: Ball 3-0: Called Strike 3-1: Foul Ball, location: 2F 3-2: Fly out, F3 (Popup, 3F)
|
Batting: RHB Keitaro Suzuki
|
0-0: Ball 1-0: Ball 2-0: Ball 3-0: Base on Balls Ángel Hinojosa to second
|
Batting: RHB Santiago Zambrano
|
0-0: Ball 1-0: Foul Ball, location: 2F 1-1: Grounds into double play, 6-4-3 (Groundball, 6)
|
Bottom of the 6th over - 0 run(s), 1 hit(s), 0 error(s), 1 left on base; Los Cabos 5 - Niagara Falls 5 |
TOP OF THE 7TH |
Los Cabos Cartel batting - Pitching for Niagara Falls Frenzy : RHP Ed Jones
|
Pitching: RHP Kimitada Takai
|
|
Batting: SHB Julián Madrid
|
0-0: Ball 1-0: Called Strike 1-1: Ball 2-1: Ground out 6-3 (Groundball, 6)
|
Batting: LHB José Rivas
|
0-0: Fly out, F6 (Popup, 6D)
|
Batting: RHB Stephen Wilson
|
0-0: Foul Ball, location: 2F 0-1: Foul Ball, location: 2F 0-2: Ball 1-2: Ball 2-2: Ball 3-2: Ground out 6-3 (Groundball, 6)
|
Top of the 7th over - 0 run(s), 0 hit(s), 0 error(s), 0 left on base; Los Cabos 5 - Niagara Falls 5 |
BOTTOM OF THE 7TH |
Niagara Falls Frenzy batting - Pitching for Los Cabos Cartel : RHP Ramón López
|
Batting: SHB Martín De Jesús
|
0-0: Called Strike 0-1: Ball 1-1: Fly out, F6 (Popup, 6D)
|
Batting: LHB Clyde Yarbrough
|
0-0: Ball 1-0: Foul Ball, location: 2F 1-1: Foul Ball, location: 2F 1-2: Foul Ball, location: 2F 1-2: Foul Ball, location: 2F 1-2: Fly out, F6 (Popup, 6)
|
Batting: LHB Dante Owens
|
0-0: Ball 1-0: Ball 2-0: Called Strike 2-1: Foul Ball, location: 2F 2-2: Ball 3-2: Ground out 4-3 (Groundball, 4M)
|
Bottom of the 7th over - 0 run(s), 0 hit(s), 0 error(s), 0 left on base; Los Cabos 5 - Niagara Falls 5 |
TOP OF THE 8TH |
Los Cabos Cartel batting - Pitching for Niagara Falls Frenzy : RHP Kimitada Takai
|
Batting: LHB Miguel Rivería
|
0-0: Ball 1-0: Ball 2-0: Foul Ball, location: 2F 2-1: Called Strike 2-2: Foul Ball, location: 2F 2-2: Strikes out looking
|
Batting: RHB Wilbert Rodgers
|
0-0: Ball 1-0: Called Strike 1-1: Ground out 6-3 (Groundball, 6M)
|
Pinch Hitting: LHB Manny Quiñones
|
0-0: Ball 1-0: Called Strike 1-1: Ball 2-1: Swinging Strike 2-2: Ball 3-2: Base on Balls
|
Batting: RHB Oliver Hernández
|
0-0: Called Strike 0-1: Ball 1-1: Foul Ball, location: 2F 1-2: Foul Ball, location: 2F 1-2: Ball 2-2: Ball 3-2: Fly out, F6 (Popup, 6D)
|
Top of the 8th over - 0 run(s), 0 hit(s), 0 error(s), 1 left on base; Los Cabos 5 - Niagara Falls 5 |
BOTTOM OF THE 8TH |
Niagara Falls Frenzy batting - Pitching for Los Cabos Cartel : RHP Ramón López
|
Pitching: LHP António Martínez
|
|
Now at 1B: Manny Quiñones
|
|
Batting: RHB Lawrence Schroeder
|
0-0: Called Strike 0-1: Fly out, F9 (Flyball, 89S)
|
Pinch Hitting: RHB Gerald Burnett
|
0-0: Ball 1-0: Ball 2-0: Called Strike 2-1: Fly out, F8 (Flyball, 8LM)
|
Batting: RHB Ángel Hinojosa
|
0-0: Ball 1-0: Swinging Strike 1-1: Ball 2-1: DOUBLE (Flyball, 8RXD)
|
Batting: RHB Zander Tremblett
|
0-0: Called Strike 0-1: Foul Ball, location: 2F 0-2: Ground out 6-3 (Groundball, 6)
|
Bottom of the 8th over - 0 run(s), 1 hit(s), 0 error(s), 1 left on base; Los Cabos 5 - Niagara Falls 5 |
TOP OF THE 9TH |
Los Cabos Cartel batting - Pitching for Niagara Falls Frenzy : RHP Kimitada Takai
|
Pitching: RHP Ángel Francisco
|
|
Now at 1B: Gerald Burnett
|
|
Batting: LHB Luis González
|
0-0: Foul Ball, location: 2F 0-1: Ball 1-1: Ball 2-1: Ball 3-1: Called Strike 3-2: Fly out, F7 (Flyball, 7LD)
|
Batting: RHB Gerardo Escobedo
|
0-0: Called Strike 0-1: Ball 1-1: Swinging Strike 1-2: Ground out 4-3 (Groundball, 4)
|
Batting: SHB Julián Madrid
|
0-0: Ball 1-0: Foul Ball, location: 2F 1-1: Ball 2-1: Ground out 4-3 (Groundball, 4)
|
Top of the 9th over - 0 run(s), 0 hit(s), 0 error(s), 0 left on base; Los Cabos 5 - Niagara Falls 5 |
BOTTOM OF THE 9TH |
Niagara Falls Frenzy batting - Pitching for Los Cabos Cartel : LHP António Martínez
|
Pitching: RHP Pedro Magana
|
|
Pinch Hitting: LHB Arturo López
|
0-0: Ball 1-0: SINGLE (Groundball, 4MD)
|
Batting: RHB Santiago Zambrano
|
0-0: Sac Bunt - play at first, batter OUT! 1-4 Arturo López to second
|
Batting: SHB Martín De Jesús
|
0-0: Called Strike 0-1: Called Strike 0-2: Foul Ball, location: 2F 0-2: Ball 1-2: Strikes out swinging
|
Batting: LHB Clyde Yarbrough
|
0-0: Called Strike 0-1: Ball 1-1: Ball 2-1: Ball 3-1: Fly out, F8 (Flyball, 8RS)
|
Bottom of the 9th over - 0 run(s), 1 hit(s), 0 error(s), 1 left on base; Los Cabos 5 - Niagara Falls 5 |
TOP OF THE 10TH |
Los Cabos Cartel batting - Pitching for Niagara Falls Frenzy : RHP Ángel Francisco
|
Now at 2B: Jong-min Kim
|
|
Batting: LHB José Rivas
|
0-0: Ball 1-0: Called Strike 1-1: Ball 2-1: Ground out 3-1 (Groundball, 34S)
|
Batting: RHB Stephen Wilson
|
0-0: Fly out, F3 (Popup, 3SF)
|
Batting: LHB Miguel Rivería
|
0-0: Swinging Strike 0-1: Ball 1-1: Swinging Strike 1-2: Ball 2-2: Hit by Pitch
|
Batting: RHB Wilbert Rodgers
|
0-0: Called Strike 0-1: Swinging Strike 0-2: Ball 1-2: Strikes out swinging
|
Top of the 10th over - 0 run(s), 0 hit(s), 0 error(s), 1 left on base; Los Cabos 5 - Niagara Falls 5 |
BOTTOM OF THE 10TH |
Niagara Falls Frenzy batting - Pitching for Los Cabos Cartel : RHP Pedro Magana
|
Batting: LHB Dante Owens
|
0-0: Called Strike 0-1: Foul Ball, location: 2F 0-2: Ball 1-2: Ball 2-2: Ball 3-2: Ground out U3 (Groundball, 3L)
|
Batting: RHB Lawrence Schroeder
|
0-0: Foul Ball, location: 2F 0-1: Ball 1-1: Ball 2-1: Called Strike 2-2: Strikes out swinging
|
Batting: RHB Gerald Burnett
|
0-0: Ball 1-0: Fly out, F1 (Line Drive, 13)
|
Bottom of the 10th over - 0 run(s), 0 hit(s), 0 error(s), 0 left on base; Los Cabos 5 - Niagara Falls 5 |
TOP OF THE 11TH |
Los Cabos Cartel batting - Pitching for Niagara Falls Frenzy : RHP Ángel Francisco
|
Batting: LHB Manny Quiñones
|
0-0: Ball 1-0: Ball 2-0: Fly out, F7 (Flyball, 78S)
|
Batting: RHB Oliver Hernández
|
0-0: Called Strike 0-1: Called Strike 0-2: Foul Ball, location: 2F 0-2: Fly out, F9 (Flyball, 9S)
|
Batting: LHB Luis González
|
0-0: Called Strike 0-1: Ball 1-1: Called Strike 1-2: Foul Ball, location: 2F 1-2: Foul Ball, location: 2F 1-2: Foul Ball, location: 2F 1-2: SINGLE (Groundball, 15S) (infield hit)
|
Batting: RHB Gerardo Escobedo
|
0-0: Fly out, F2 (Popup, 2L)
|
Top of the 11th over - 0 run(s), 1 hit(s), 0 error(s), 1 left on base; Los Cabos 5 - Niagara Falls 5 |
|